 Dungeon Crawl Stone Soup version 0.30.0-10-gfe55d96785 (webtiles) character file.

Game seed: 17239715156893072767

380 qw the Chopper (level 6, -3/38 HPs)
             Began as a Gargoyle Cinder Acolyte on May 17, 2023.
             Was a High Priest of Ignis.
             Killed from afar by Ijyb (14 damage)
             ... with a bolt of light
             ... on level 4 of the Dungeon.
             The game lasted 00:01:23 (2797 turns).

qw the Chopper (Gargoyle Cinder Acolyte)            Turns: 2797, Time: 00:01:23

Health: -3/38      AC: 22    Str: 20    XL:     6   Next: 75%
Magic:  0/7        EV:  8    Int: 14    God:    Ignis [*****.]
Gold:   173        SH:  0    Dex:  5    Spells: 7/7 levels left

rFire   + . .        Y - +0 hand axe (flame)
rCold   . . .        (no shield)
rNeg    + . .        b - +0 chain mail
rPois   inf          (no helmet)
rElec   +            (no cloak)
rCorr   .            a - +0 pair of gloves
SInv    .            g - +0 pair of boots
Will    .....        e - amulet of guardian spirit Stlth
                     (no ring)
HPRegen 0.26/turn    (no ring)
MPRegen 0.10/turn

%: guardian spirit
@: fiery-armoured
A: sickness immunity, AC +4, negative energy resistance 1, electricity
resistance, torment resistance 1, petrification resistance
a: Renounce Religion, Fiery Armour, Foxfire Swarm, Rising Flame


You were on level 4 of the Dungeon.
You worshipped Ignis.
Ignis was extremely pleased with you.
You visited 1 branch of the dungeon, and saw 4 of its levels.

You collected 173 gold pieces.


Innate Abilities, Weirdness & Mutations

You are immune to sickness and miasma.
Your stone body is resilient. (AC +4)
You are immune to poison.
You resist negative energy. (rN+)
You are resistant to electric shocks. (rElec)
You are resistant to unholy torment.
You are immune to petrification.


   Skills:
 - Level 4.1 Fighting
 - Level 6.0 Axes
 + Level 2.0 Armour
 - Level 1.0 Spellcasting
 - Level 3.0 Fire Magic


You had 7 spell levels left.
You didn't know any spells.
Your spell library contained the following spells:

 Spells                   Type           Power      Damage    Failure   Level
 Scorch                   Fire           18%        2d5       67%         2

Inventory:

Hand Weapons
 Y - a +0 hand axe of flaming (weapon)
Armour
 a - a +0 pair of gloves (worn)
 b - a +0 chain mail (worn)
 g - a +0 pair of boots (worn)
Jewellery
 e - an amulet of guardian spirit (around neck)
Scrolls
 i - a scroll of teleportation
Potions
 c - a potion of might {unknown}
 d - a potion of magic {unknown}
 f - a potion of attraction {unknown}
 h - 2 potions of curing {unknown}
 k - a potion of ambrosia {unknown}
 l - 2 potions of lignification {unknown}

Dungeon Overview and Level Annotations

Branches:
Dungeon (4/15)
 Temple: D:4-7

Altars:
Zin

Shops:
D:2 =

Annotations:
D:4 Ijyb


Message History

2789 ||| INVOKING Fiery Armour.
A protective cloak of flame settles atop you.
Ijyb hits you with a +0 club.
You hit Ijyb. You burn Ijyb.
Ijyb is severely wounded.
Ijyb misses you.
You barely miss Ijyb.
Ijyb is severely wounded.
You closely miss the phantom. The phantom hits you.
The phantom is burned by your cloak of flames.
The phantom is lightly damaged.
The phantom blinks!
You blink.
You closely miss the phantom.
The phantom is lightly damaged.
The phantom hits you but does no damage.
The phantom is burned by your cloak of flames.
The phantom is moderately damaged.
You closely miss the phantom.
The phantom is moderately damaged.
The phantom hits you.
The phantom is burned by your cloak of flames.
The phantom is heavily damaged.
The phantom blinks!
You blink.
You hit the phantom. You burn the phantom.
The phantom is severely damaged.
The phantom hits you but does no damage.
The phantom is burned by your cloak of flames.
The phantom is almost destroyed.
You barely miss the phantom.
The phantom is almost destroyed.
The phantom hits you.
The phantom is burned by your cloak of flames.
You destroy the phantom!
Your Fighting skill increases to level 4!
Ijyb hits you but does no damage.
You hit Ijyb but do no damage. You punch Ijyb.
Ijyb is almost dead.
Ijyb zaps a wand.
The bolt of light hits you!
You die...

..###....##..##$....# .
#..#............#
#..#..#..##.....#
...##.....##.....#
##..#..#..#.......#.......
.. #....#............#.[P
#####.).#.............
#g#.........##....
#(@.........###...
#..###........#...# ####
...>...#......
.....##.#.....<
#...##..>..<..
##...##.#...##. #.#.
##..#.#......... #.
...##...#.#.#.##..## #.
#...........#.###.##


You could see Ijyb.

Vanquished Creatures
  Grinder (D:4)
  A phantom (D:4)
  A hound (D:4)
  3 adders
  A worm (D:2)
  3 dart slugs
  2 orcs
  5 endoplasms
  5 goblins
  9 hobgoblins
  3 jackals (D:1)
  3 quokkas
  5 ball pythons
  4 bats
  5 frilled lizards
  7 kobolds
  2 rats
60 creatures vanquished.

Notes
Turn   | Place    | Note
-------+----------+-------------------------------------------
     0 | D:1      | qw the Gargoyle Cinder Acolyte began the quest for the Orb.
     0 | D:1      | Reached XP level 1. HP: 14/14 MP: 2/2
     0 | D:1      | 0 ||| qw: Version: 0.2-a-95-g206ef33
     0 | D:1      | 0 ||| qw: Game counter: 177
     0 | D:1      | 0 ||| qw: Always use a shield: true
     0 | D:1      | 0 ||| qw: God list: Okawaru
     0 | D:1      | 0 ||| qw: Allow faded altars: false
     0 | D:1      | 0 ||| qw: Do Orc after D:15 true
     0 | D:1      | 0 ||| qw: Do second Lair branch before Depths: true
     0 | D:1      | 0 ||| qw: Lair rune preference: random
     0 | D:1      | 0 ||| qw: Plans: Normal
     0 | D:1      | 0 ||| PLANNING D:1-11
   116 | D:1      | Reached skill level 3 in Axes
   164 | D:1      | Reached XP level 2. HP: 19/19 MP: 3/3
   541 | D:1      | Found a faded altar of an unknown god.
   544 | D:1      | 544 ||| Stepping ~*~*~tactically~*~*~ (stealth).
   570 | D:1      | Reached XP level 3. HP: 14/23 MP: 4/4
   721 | D:1      | 721 ||| UPGRADING to +0 leather armour.
   731 | D:1      | 731 ||| DROPPING +0 robe.
   732 | D:1      | 732 ||| UPGRADING to amulet of guardian spirit.
   737 | D:1      | 737 ||| DROPPING amulet of magic regeneration.
   738 | D:1      | 738 ||| READING scroll labelled FUHA LIYLASMO.
   750 | D:1      | 750 ||| READING scroll labelled EHEIRR FOUT.
   789 | D:2      | 789 ||| Stepping ~*~*~tactically~*~*~ (hiding).
   789 | D:2      | Found Omilurit's Jewellery Emporium.
   948 | D:2      | 948 ||| SHOPLISTING +5 ring of evasion (396 gold, have 19).
   948 | D:2      | 948 ||| SHOPLISTING amulet of regeneration (330 gold, have
                  | 19).
   948 | D:2      | 948 ||| SHOPLISTING amulet of the acrobat (330 gold, have
                  | 19).
   948 | D:2      | 948 ||| SHOPLISTING ring of protection from fire (275 gold,
                  | have 19).
   948 | D:2      | 948 ||| SHOPLISTING ring of resist corrosion (220 gold,
                  | have 19).
  1040 | D:2      | You fall into a shaft and drop 2 floors!
  1069 | D:4      | 1069 ||| INVOKING Fiery Armour.
  1070 | D:4      | Reached skill level 4 in Axes
  1070 | D:4      | Reached XP level 4. HP: 10/28 MP: 2/5
  1192 | D:4      | 1192 ||| UPGRADING to +0 pair of gloves.
  1198 | D:4      | Found a glowing silver altar of Zin.
  1199 | D:4      | 1199 ||| Stepping ~*~*~tactically~*~*~ (stealth).
  1345 | D:2      | 1345 ||| Stepping ~*~*~tactically~*~*~ (hiding).
  1858 | D:2      | 1858 ||| UPGRADING to +0 chain mail.
  1868 | D:2      | 1868 ||| DROPPING +0 leather armour.
  1869 | D:2      | 1869 ||| UPGRADING to +0 pair of boots.
  1874 | D:2      | 1874 ||| READING scroll labelled DAZUJ MESAU.
  1948 | D:3      | 1948 ||| Stepping ~*~*~tactically~*~*~ (stealth).
  1949 | D:3      | 1949 ||| Stepping ~*~*~tactically~*~*~ (hiding).
  1950 | D:3      | 1950 ||| Stepping ~*~*~tactically~*~*~ (hiding).
  1952 | D:3      | 1952 ||| Stepping ~*~*~tactically~*~*~ (hiding).
  2057 | D:3      | Reached skill level 1 in Armour
  2616 | D:3      | 2616 ||| READING scroll labelled WEJOLECE HUERE.
  2617 | D:3      | 2617 ||| READING 2 scrolls labelled WEDUCEUQUL.
  2621 | D:3      | 2621 ||| READING scroll labelled KERIM KURISHRIT.
  2622 | D:3      | 2622 ||| READING scroll labelled XEDIPA HOR.
  2623 | D:3      | 2623 ||| READING scroll labelled SOC VORESAILL.
  2642 | D:4      | Reached XP level 5. HP: 31/32 MP: 6/6
  2680 | D:4      | Noticed Grinder
  2685 | D:4      | Paralysed by Grinder for 2 turns
  2691 | D:4      | Paralysed by Grinder for 3 turns
  2695 | D:4      | Paralysed by Grinder for 2 turns
  2703 | D:4      | Paralysed by Grinder for 2 turns
  2707 | D:4      | Killed Grinder
  2708 | D:4      | Reached skill level 6 in Axes
  2708 | D:4      | Reached XP level 6. HP: 23/37 MP: 4/7
  2745 | D:4      | Noticed Ijyb
  2746 | D:4      | 2746 ||| Stepping ~*~*~tactically~*~*~ (stealth).
  2751 | D:4      | 2751 ||| Stepping ~*~*~tactically~*~*~ (stealth).
  2756 | D:4      | 2756 ||| Stepping ~*~*~tactically~*~*~ (stealth).
  2757 | D:4      | 2757 ||| Stepping ~*~*~tactically~*~*~ (stealth).
  2762 | D:4      | 2762 ||| Stepping ~*~*~tactically~*~*~ (stealth).
  2777 | D:4      | 2777 ||| Stepping ~*~*~tactically~*~*~ (hiding).
  2778 | D:4      | 2778 ||| Stepping ~*~*~tactically~*~*~ (hiding).
  2779 | D:4      | 2779 ||| Stepping ~*~*~tactically~*~*~ (hiding).
  2780 | D:4      | 2780 ||| Stepping ~*~*~tactically~*~*~ (hiding).
  2782 | D:4      | 2782 ||| Stepping ~*~*~tactically~*~*~ (hiding).
  2784 | D:4      | 2784 ||| Stepping ~*~*~tactically~*~*~ (hiding).
  2789 | D:4      | 2789 ||| INVOKING Fiery Armour.
  2797 | D:4      | Killed from afar by Ijyb

Levels and vault maps discovered:
D:1:      dpeg_arrival_stone_temple_mockup, layout_basic,
          chequers_ecumenical_altar_simple_redux
D:2:      layout_basic, serial_shops, shop
D:3:      layout_basic, chequers_serial_rivers_small_3,
          chequers_serial_rivers_small_a
D:4:      layout_rooms, mainiacjoe_overflow_chevrons, elyvilon_altar_5,
          hangedman_abyss_or_decor_jellyfish_corner, nrook_mini_backslash,
          uniq_grinder, uniq_ijyb

Skill      XL: |  1  2  3  4  5  6 |
---------------+-------------------+-----
Axes           | 3 4 6 |  6.0
Armour         | 1 2 |  2.0
Fighting       | 4 |  4.1
Spellcasting   | |  1.0
Fire Magic     | |  3.0

Action                     |  1- 3 |  4- 6 || total
---------------------------+-------+-------++-------
  Melee: Hand axe          |   110 |   123 ||   233
         Punch             |       |     1 ||     1
 Invoke: Fiery Armour      |     1 |     1 ||     2
    Use: Scroll            |     2 |     6 ||     8
 Armour: Robe              |    25 |       ||    25
         Leather armour    |    10 |    10 ||    20
         Chain mail        |       |    61 ||    61
  Dodge: Dodged            |    51 |    43 ||    94

Table legend:
 A = Non-vault XP
 B = Vault XP
 C = Vault XP percentage of total XP
 D = Non-vault monster count
 E = Vault monster count
 F = Vault count percentage of total count
                 A         B        C        D         E       F
            +---------+---------+-------+---------+---------+-------
      Total |     286 |     258 |  47.4 |      59 |       1 |   1.7
            +---------+---------+-------+---------+---------+-------
        D:1 |      35 |       0 |   0.0 |      21 |       0 |   0.0
        D:2 |      23 |       0 |   0.0 |      11 |       0 |   0.0
        D:3 |      38 |       0 |   0.0 |      15 |       0 |   0.0
        D:4 |     190 |     258 |  57.6 |      12 |       1 |   7.7
            +---------+---------+-------+---------+---------+-------
